Map: Prion Terraces

Players

LindyHop

  • Race: Zerg Zerg
  • League: Silver

LordTV - Winner!

  • Race: Protoss Protoss
  • League: Gold

VOD

Have the link to the VOD?

Description

Time

  • Played on: Nov. 28, 2015, 1:16 p.m.
  • Length: 11:48
Show
View Real Time Build Order
Export as new Build Order

LindyHop Zerg 

Build Orders: Hatch First 

Get SALT Encoding   

  12  0:02  Drone  
  13  0:11  Drone  
  14  0:39  Hatchery  
  13  0:43  Drone  
  14  0:56  Spawning Pool  
  13  0:58  Drone  
  14  1:08  Overlord  
  14  1:27  Drone x3  
  17  1:35  Extractor  
  17  1:38  Drone  
  17  1:50  Overlord  
  17  1:53  Drone  
  18  1:54  Queen  
  20  2:10  Drone x2  
  22  2:17  Zergling x4  
  24  2:35  Hatchery  
  23  2:43  Zergling x4  
  25  2:55  Roach Warren  
  24  3:08  Drone x4  
  24  3:09  Drone  
  29  3:18  Metabolic Boost  
  29  3:38  Drone  
  29  3:39  Drone x4  
  34  3:45  Queen  
  36  3:49  Overlord  
  36  4:01  Drone x2  
  38  4:07  Drone x5  
  42  4:15  Drone x2  
  43  4:26  Overlord  
  42  4:37  Extractor  
  42  4:38  Queen  
  41  4:39  Overlord  
  41  4:40  Overlord  
  41  4:42  Roach x2  
  41  4:43  Roach  
  49  4:48  Burrow  
  50  5:00  Drone x6  
  50  5:01  Drone  
  56  5:15  Zergling x4  
  56  5:16  Zergling x2  
  56  5:19  Queen  
  56  5:20  Hatchery  
  60  5:32  Zergling x4  
  62  5:47  Drone x2  
  64  5:56  Lair, Extractor  
  63  6:12  Zergling x6  
  66  6:19  Overlord x4, Zergling x4  
  68  6:26  Evolution Chamber, Extractor  
  68  6:27  Evolution Chamber  
  65  6:37  Drone x3  
  65  6:38  Drone x4  
  65  6:39  Drone x5  
  78  6:40  Drone x3  
  80  6:52  Zerg Melee Weapons Level 1  
  80  6:53  Zerg Ground Armor Level 1  
  80  7:00  Spire  
  79  7:02  Overseer  
  79  7:26  Glial Reconstitution  
  79  7:33  Hydralisk Den  
  78  7:37  Hatchery  
  76  8:00  Drone x4, Extractor  
  76  8:01  Drone, Extractor  
  79  8:15  Hydralisk x4  
  87  8:27  Mutalisk x6  
  99  8:44  Drone x2  
  101  8:53  Mutalisk  
  101  8:54  Mutalisk x3  
  109  8:58  Extractor  
  109  8:59  Extractor  
  106  9:18  Zerg Ground Armor Level 2  
  106  9:20  Zerg Flyer Weapons Level 1  
  106  9:33  Hydralisk  
  106  9:35  Overlord x4  
  106  9:36  Overlord x3  
  106  9:38  Hatchery  
  107  9:53  Spine Crawler  
  107  9:56  Spore Crawler  
  107  9:58  Drone x2  
  107  10:03  Spore Crawler, Drone  
  107  10:04  Drone, Spine Crawler  
  107  10:06  Muscular Augments  
  107  10:08  Mutalisk, Hydralisk  
  107  10:09  Hydralisk x10  
  107  10:13  Spore Crawler, Spine Crawler  
  129  10:32  Infestation Pit  
  128  10:43  Spore Crawler  
  128  10:45  Drone x3  
  128  10:46  Drone x3  
  133  11:01  Hatchery  
  133  11:02  Hydralisk x10  
  133  11:03  Hydralisk x2  
  119  11:26  Zergling x2  
  119  11:27  Zergling x16  
Show
View Real Time Build Order
Export as new Build Order

LordTV Protoss - Winner!

Build Orders: 1 Gate Expand, Double Forge 

Get SALT Encoding   

  12  0:01  Probe (Chrono Boost)  
  13  0:12  Probe (Chrono Boost)  
  14  0:18  Pylon  
  14  0:22  Probe (Chrono Boost)  
  15  0:36  Probe (Chrono Boost)  
  15  0:39  Gateway  
  16  0:47  Probe (Chrono Boost)  
  17  0:51  Assimilator  
  17  0:57  Probe (Chrono Boost)  
  18  1:12  Probe (Chrono Boost)  
  19  1:23  Probe (Chrono Boost)  
  20  1:37  Nexus  
  20  1:39  Pylon  
  20  1:43  Zealot  
  20  1:45  Probe (Chrono Boost)  
  23  1:58  Probe (Chrono Boost)  
  25  2:08  Probe (Chrono Boost)  
  25  2:10  Forge  
  25  2:19  Probe (Chrono Boost)  
  26  2:24  Cybernetics Core  
  26  2:29  Probe (Chrono Boost)  
  27  2:40  Probe (Chrono Boost)  
  27  2:43  Photon Cannon  
  28  2:50  Probe (Chrono Boost)  
  29  2:54  Probe (Chrono Boost)  
  32  3:00  Warp Gate  
  32  3:01  Probe (Chrono Boost)  
  32  3:04  Probe (Chrono Boost)  
  32  3:05  Stalker  
  34  3:11  Probe (Chrono Boost)  
  35  3:15  Probe (Chrono Boost)  
  35  3:19  Assimilator  
  36  3:22  Probe (Chrono Boost)  
  36  3:25  Probe (Chrono Boost)  
  38  3:33  Probe (Chrono Boost)  
  39  3:35  Gateway  
  39  3:36  Probe (Chrono Boost), Pylon  
  40  3:43  Adept  
  41  4:07  Assimilator  
  41  4:08  Nexus  
  41  4:10  Sentry  
  41  4:11  Pylon  
  43  4:20  Probe x2 (Chrono Boost)  
  45  4:31  Probe (Chrono Boost)  
  46  4:32  Probe (Chrono Boost)  
  46  4:36  Robotics Facility  
  46  4:38  Gateway  
  47  4:39  Sentry  
  47  4:40  Adept  
  47  4:41  Gateway, Probe (Chrono Boost)  
  47  4:42  Probe (Chrono Boost)  
  53  4:46  Assimilator  
  53  4:52  Probe (Chrono Boost), Forge  
  54  4:56  Probe (Chrono Boost)  
  54  4:57  Forge  
  54  4:58  Pylon  
  55  5:03  Mothership Core (Chrono Boost)  
  55  5:06  Probe (Chrono Boost)  
  58  5:17  Probe (Chrono Boost)  
  58  5:20  Stargate  
  58  5:21  Probe x2 (Chrono Boost), Protoss Ground Weapons Level 1  
  61  5:27  Probe (Chrono Boost)  
  62  5:29  Gateway  
  62  5:31  Gateway, Probe x2 (Chrono Boost)  
  64  5:38  Probe (Chrono Boost), Assimilator  
  64  5:41  Stalker  
  64  5:42  Probe x2 (Chrono Boost)  
  69  5:45  Protoss Ground Armor Level 1  
  69  5:47  Protoss Shields Level 1  
  69  5:48  Observer  
  69  5:49  Probe (Chrono Boost)  
  71  5:52  Probe x2 (Chrono Boost)  
  71  5:55  Pylon  
  73  6:01  Assimilator  
  73  6:05  Probe x3 (Chrono Boost)  
  73  6:09  Pylon  
  73  6:10  Stalker x2  
  80  6:20  Immortal  
  80  6:22  Zealot x2  
  88  6:30  Phoenix  
  90  6:42  Gateway  
  90  6:44  Gateway, Robotics Bay  
  90  6:46  Twilight Council  
  90  6:50  Pylon  
  90  6:51  Pylon  
  90  6:52  Stalker x2  
  94  6:55  Phoenix  
  96  7:11  Adept x2  
  100  7:21  Pylon  
  100  7:27  Probe x3 (Chrono Boost)  
  103  7:42  Stalker  
  103  7:43  Stalker x4  
  113  7:44  Phoenix  
  113  7:46  Colossus  
  121  7:53  Extended Thermal Lance  
  121  7:54  Protoss Ground Weapons Level 2, Robotics Facility  
  121  7:57  Pylon  
  121  7:59  Pylon  
  121  8:02  Pylon  
  121  8:14  Nexus  
  121  8:25  Probe x3 (Chrono Boost)  
  122  8:27  Phoenix  
  122  8:30  Protoss Ground Armor Level 2  
  122  8:32  Stalker x4  
  132  8:39  Disruptor  
  132  8:41  Probe x2 (Chrono Boost)  
  137  8:43  Probe (Chrono Boost)  
  138  8:51  Probe (Chrono Boost)  
  138  8:52  Phoenix  
  138  8:55  Robotics Facility  
  141  8:56  Colossus  
  141  8:59  Probe x2 (Chrono Boost)  
  149  9:03  Assimilator  
  149  9:06  Assimilator  
  149  9:15  Protoss Shields Level 2  
  149  9:25  Colossus  
  149  9:26  Probe x3 (Chrono Boost), Pylon  
  149  9:28  Pylon  
  158  9:37  Probe x2 (Chrono Boost)  
  160  9:39  Stalker  
  160  9:40  Stalker  
  160  9:43  Disruptor  
  160  9:45  Sentry x2  
  169  9:46  Pylon, Photon Cannon  
  169  9:47  Photon Cannon  
  169  9:48  Pylon  
  169  9:50  Pylon  
  169  9:51  Probe x2 (Chrono Boost)  
  173  10:03  Pylon  
  173  10:08  Immortal  
  173  10:11  Phoenix  
  182  10:28  Probe x3 (Chrono Boost)  
  182  10:29  Probe (Chrono Boost)  
  182  10:34  Stalker  
  182  10:35  Stalker x5  
  193  10:36  Phoenix  
  193  10:37  Sentry  
  193  10:42  Gateway  
  197  10:45  Gateway  
  197  10:46  Zealot  
  197  10:47  Gateway  
  199  10:53  Gateway  
  199  10:55  Gateway x2  
  175  11:35  Pylon  
  175  11:36  Stalker  
  175  11:37  Stalker x5  
  175  11:38  Stalker x2, Pylon  
  191  11:40  Pylon x2  
Tags
 
Add a new tag
Caveats
  • Supply blocks, unpowered buildings, or Contaminate may cause inaccurate times.
  • Supply counts are checked every 10 seconds.